 Dungeon Crawl Stone Soup version 0.25.1-2-g60ff931df9 (webtiles) character file.

Game seed: 12004893141651240688

82 Drachen the Cutter (level 4, -6/36 HPs)
             Began as a Demigod Gladiator on Oct 20, 2020.
             Mangled by an ice beast (10 damage)
             ... on level 3 of the Dungeon.
             The game lasted 00:03:44 (2590 turns).

Drachen the Cutter (Demigod Gladiator)              Turns: 2590, Time: 00:03:44

Health: -6/36      AC:  8    Str: 17    XL:     4   Next: 1%
Magic:  6/6        EV: 14    Int: 12    God:
Gold:   79         SH:  0    Dex: 19    Spells: 3/3 levels left

rFire    . . .     SeeInvis .   n - +1 dagger (protect)
rCold    . . .     Gourm    .   (no shield)
rNeg     . . .     Faith    .   b - +0 leather armour
rPois    .         Spirit   .   c - +0 helmet
rElec    .         Reflect  .   (no cloak)
rCorr    .         Harm     .   (no gloves)
MR       .....                  (no boots)
Stlth    ++........             (no amulet)
HPRegen  0.12/turn              p - +4 ring of protection
MPRegen  0.10/turn              q - ring of stealth

@: no status effects
A: high mp 1
a: no special abilities


You were on level 3 of the Dungeon.
You were hungry.

You visited 1 branch of the dungeon, and saw 3 of its levels.

You collected 79 gold pieces.

Inventory:

Hand Weapons
 a - a +0 rapier
 n - a +1 dagger of protection (weapon)
Missiles
 m - 3 javelins (quivered)
Armour
 b - a +0 leather armour (worn)
 c - a +0 helmet (worn)
Jewellery
 p - a +4 ring of protection (left hand)
 q - a ring of stealth (right hand)
Scrolls
 e - 2 scrolls of amnesia {unknown}
 h - 2 scrolls of identify {unknown}
 k - 3 scrolls of teleportation {unknown}
 l - 3 scrolls of fog {unknown}
 o - a scroll of enchant armour {unknown}
Potions
 g - a potion of magic {unknown}
 i - 3 potions of lignification {unknown}
 j - a potion of curing {unknown}
 r - a potion of invisibility {unknown}
 s - a potion of degeneration {unknown}
 t - a potion of ambrosia {unknown}
Comestibles
 f - 4 rations


   Skills:
 - Level 2.0 Fighting
 + Level 3.3 Short Blades
 - Level 2.0 Throwing
 + Level 1.7 Armour
 + Level 3.3 Dodging


You had 3 spell levels left.
You didn't know any spells.
Your spell library was empty.

Dungeon Overview and Level Annotations

Branches:
Dungeon (3/15)


Innate Abilities, Weirdness & Mutations

You have an increased reservoir of magic. (+10% MP)


Message History

The javelin pierces through the ice beast but does no damage.
The ice beast is almost dead.
The ice beast hits you but does no damage. x2
You closely miss the ice beast.
The ice beast is almost dead.
The ice beast hits you but does no damage.
You completely miss the ice beast.
The ice beast is almost dead.
You closely miss the ice beast.
The ice beast is almost dead.
The ice beast hits you but does no damage.
Throwing (i - inventory)
m - 4 javelins (quivered)
Press: ? - help, Shift-Dir - straight line, f/p - ice beast
Aim: an ice beast (almost dead)
You throw a javelin.
The javelin closely misses the ice beast.
The ice beast hits you.
* * * LOW HITPOINT WARNING * * *
The ice beast freezes you!
You die...

... .#.##........### #..
.......(.....# #####..
##.####.##.#.# #.....# #.#
#.##.#.#
#.....####.####.##..##
##...............##...#
#......####.####.#..<.#
#......#.......#Y##...#
#......#.#.....#@###..#
#......#.#.....#.###..#
#......#.+.....+......#
#......#.#.....#.###..######
#[######.#######.###........
#.# #.# #....)....###
#.######.# #.#########
.........#######.#
#.#####..........#


You could see an ice beast.

Vanquished Creatures
  2 adders (D:2)
  An ooze (D:2)
  2 worms
  2 dart slugs
  3 giant cockroaches
  3 goblins
  4 hobgoblins
  10 jackals
  7 kobolds
  5 bats
  2 frilled lizards
  6 rats (D:2)
47 creatures vanquished.

Notes
Turn   | Place    | Note
-------+----------+-------------------------------------------
     0 | D:1      | Drachen the Demigod Gladiator began the quest for the Orb.
     0 | D:1      | Reached XP level 1. HP: 17/17 MP: 3/3
   440 | D:1      | Reached XP level 2. HP: 24/24 MP: 4/4
  1203 | D:2      | Reached skill level 1 in Armour
  1232 | D:2      | Reached XP level 3. HP: 25/29 MP: 5/5
  2534 | D:3      | Reached XP level 4. HP: 36/36 MP: 6/6
  2551 | D:3      | Noticed an ice beast
  2590 | D:3      | Mangled by an ice beast

Illustrated notes

Levels and vault maps discovered:
D:1:      tarquinn_simple_flora_water_a, layout_loops_corners,
          serial_park_tiny_pond, kennysheep_flooded_box
D:2:      layout_rooms
D:3:      layout_basic, first_ration, uniq_robin

Skill      XL: |  1  2 |
---------------+-------+-----
Throwing       | 2 |  2.0
Fighting       | 2 |  2.0
Short Blades   | 3 |  3.3
Armour         | 1 |  1.7
Dodging        | 3 |  3.3

Action                   |  1- 3 |  4- 6 || total
-------------------------+-------+-------++-------
Melee: Rapier            |   159 |       ||   159
       Dagger            |    66 |    21 ||    87
Throw: Javelin           |       |     3 ||     3
       Throwing net      |       |     3 ||     3
  Eat: Chunk             |     5 |       ||     5
Armor: Leather armour    |    70 |     9 ||    79
Dodge: Dodged            |   170 |     4 ||   174
